Map: Pillars of Gold LE

Players

Has

  • Race: Protoss Protoss
  • Spawn Location: 7:00

Nice - Winner!

  • Race: Protoss Protoss
  • League: Grandmaster
  • Spawn Location: 1:00

Event: DreamHack SC2 Masters 2020 Winter

VOD

Have the link to the VOD?

Description

Time

  • Played on: Oct. 25, 2020, 10:29 a.m.
  • Length: 9:16

All games in this series

Show
View Real Time Build Order
Export as new Build Order

Has Protoss 

Build Orders: Phoenix Opening 

Get SALT Encoding   

  12  0:00  Probe  
  13  0:12  Probe  
  14  0:18  Pylon  
  14  0:24  Probe (Chrono Boost)  
  15  0:38  Gateway, Probe (Chrono Boost)  
  16  0:43  Probe (Chrono Boost)  
  16  0:49  Assimilator  
  17  0:52  Probe  
  18  0:57  Assimilator  
  18  1:04  Probe (Chrono Boost)  
  18  1:10  Gateway  
  19  1:16  Probe (Chrono Boost)  
  20  1:24  Probe (Chrono Boost)  
  21  1:28  Cybernetics Core  
  21  1:30  Probe  
  22  1:38  Pylon  
  22  1:42  Probe  
  23  1:56  Probe  
  24  2:04  Stalker x2  
  24  2:05  Warp Gate  
  28  2:08  Probe  
  29  2:17  Pylon  
  29  2:20  Probe  
  30  2:36  Adept x2  
  34  2:45  Stargate  
  34  2:56  Shield Battery  
  34  2:58  Probe  
  35  3:12  Probe  
  36  3:19  Nexus  
  36  3:25  Shield Battery  
  36  3:29  Phoenix (Chrono Boost)  
  38  3:36  Pylon  
  38  3:39  Probe  
  39  3:53  Phoenix (Chrono Boost)  
  42  4:01  Adept x2  
  46  4:04  Pylon  
  45  4:20  Probe  
  40  4:27  Stalker x2  
  41  4:35  Probe  
  40  4:38  Probe  
  40  4:42  Phoenix  
  41  4:52  Probe  
  41  4:58  Probe  
  42  5:05  Probe  
  42  5:06  Phoenix (Chrono Boost)  
  43  5:10  Probe  
  46  5:17  Probe  
  47  5:22  Probe  
  48  5:29  Probe  
  48  5:30  Robotics Facility  
  48  5:34  Sentry  
  48  5:35  Probe  
  52  5:41  Probe (Chrono Boost)  
  52  5:42  Phoenix  
  55  5:47  Probe (Chrono Boost)  
  56  5:53  Probe (Chrono Boost)  
  58  5:58  Probe (Chrono Boost)  
  58  6:01  Assimilator, Probe (Chrono Boost)  
  58  6:03  Assimilator, Probe (Chrono Boost)  
  59  6:07  Probe  
  61  6:12  Pylon  
  61  6:13  Probe  
  62  6:19  Probe  
  62  6:25  Probe  
  61  6:31  Probe  
  61  6:37  Probe  
  62  6:43  Probe  
  62  6:44  Phoenix  
  65  6:49  Probe  
  70  6:56  Observer (Chrono Boost), Probe  
  68  7:01  Probe  
  68  7:02  Forge  
  68  7:03  Pylon  
  68  7:07  Pylon  
  69  7:09  Robotics Bay  
  69  7:10  Probe  
  69  7:12  Phoenix  
  69  7:13  Probe  
  73  7:18  Immortal (Chrono Boost)  
  77  7:23  Pylon  
  75  7:43  Phoenix, Robotics Facility  
  77  7:50  Photon Cannon  
  77  7:53  Probe  
  77  7:54  Colossus (Chrono Boost)  
  84  8:02  Pylon  
  86  8:13  Nexus  
  86  8:14  Pylon  
  85  8:21  Stalker  
  85  8:22  Stalker  
  85  8:25  Gateway  
  85  8:26  Gateway  
  77  8:43  Probe  
  77  8:46  Zealot x2  
  58  8:52  Probe  
Show
View Real Time Build Order
Export as new Build Order

Nice Protoss - Winner!

Build Orders:  

Get SALT Encoding   

  12  0:00  Probe  
  13  0:12  Probe  
  14  0:18  Pylon  
  14  0:24  Probe  
  15  0:36  Probe (Chrono Boost)  
  15  0:38  Gateway  
  16  0:47  Assimilator  
  16  0:48  Probe (Chrono Boost)  
  17  0:53  Probe (Chrono Boost)  
  18  0:58  Assimilator  
  18  1:03  Probe (Chrono Boost)  
  19  1:11  Gateway  
  19  1:14  Probe (Chrono Boost)  
  20  1:21  Probe  
  21  1:28  Cybernetics Core  
  21  1:33  Probe  
  21  1:39  Pylon  
  22  1:45  Probe  
  23  1:57  Probe  
  24  2:01  Warp Gate (Chrono Boost)  
  24  2:04  Adept x2  
  28  2:09  Probe  
  28  2:15  Pylon  
  29  2:21  Pylon  
  29  2:34  Adept x2  
  33  2:56  Nexus  
  33  3:05  Adept x2  
  36  3:17  Pylon  
  36  3:20  Shield Battery  
  36  3:22  Probe  
  37  3:34  Probe (Chrono Boost)  
  38  3:43  Adept x2  
  38  3:46  Probe (Chrono Boost)  
  43  3:53  Probe (Chrono Boost)  
  43  3:54  Robotics Facility  
  44  4:01  Probe  
  45  4:04  Sentry  
  45  4:09  Probe, Sentry  
  50  4:12  Shield Battery  
  50  4:14  Probe  
  49  4:30  Probe  
  48  4:36  Probe  
  45  4:42  Warp Prism (Chrono Boost), Probe (Chrono Boost)  
  42  4:48  Stalker x2  
  49  5:00  Probe (Chrono Boost)  
  49  5:02  Shield Battery, Probe (Chrono Boost)  
  51  5:12  Stalker, Observer (Chrono Boost)  
  51  5:14  Stalker  
  55  5:19  Probe x2  
  57  5:29  Pylon  
  57  5:31  Observer (Chrono Boost), Probe  
  57  5:35  Probe  
  60  5:39  Stalker  
  60  5:40  Sentry  
  62  5:47  Probe  
  62  5:48  Probe  
  64  5:50  Forge, Twilight Council  
  64  5:55  Assimilator  
  63  6:03  Adept x2  
  67  6:04  Probe x2  
  67  6:23  Protoss Ground Weapons Level 1  
  67  6:24  Observer  
  66  6:28  Blink (Chrono Boost)  
  64  6:35  Probe x2  
  64  6:42  Gateway  
  64  6:43  Gateway  
  64  6:45  Gateway  
  64  6:47  Gateway  
  64  6:51  Stalker x2  
  68  7:02  Probe x2  
  68  7:04  Pylon  
  70  7:22  Stalker, Nexus  
  70  7:23  Pylon  
  70  7:24  Stalker  
  72  7:34  Probe x2  
  74  7:40  Observer  
  74  7:50  Stalker  
  74  7:51  Stalker x4  
  82  7:54  Observer, Sentry  
  86  8:07  Pylon  
  86  8:09  Pylon  
  82  8:21  Stalker x2  
  82  8:22  Stalker  
  84  8:40  Stalker x3  
  80  8:48  Stalker x4  
  70  8:49  Stalker x2  
  74  8:57  Probe  
Tags
 
Add a new tag
Caveats
  • Supply blocks, unpowered buildings, or Contaminate may cause inaccurate times.
  • Supply counts are checked every 10 seconds.